 Dungeon Crawl Stone Soup version 0.20.0-8-g6b59dc7 (webtiles) character file.

871 mopl the Firebug (level 7, -2/36 HPs)
             Began as a Deep Elf Fire Elementalist on May 30, 2017.
             Was an Initiate of Vehumet.
             Slain by Duvessa
             ... wielding a +0 rapier
              (18 damage)
             ... on level 6 of the Dungeon.
             The game lasted 00:07:34 (5167 turns).

mopl the Firebug (Deep Elf Fire Elementalist)       Turns: 5167, Time: 00:07:34

Health: -2/36      AC:  3    Str:  5    XL:     7   Next: 73%
Magic:  2/17       EV: 12    Int: 22    God:    Vehumet [......]
Gold:   235        SH:  4    Dex: 15    Spells: 4/17 levels left

rFire    . . .     SeeInvis .   i - +1 dagger (venom)
rCold    . . .     Gourm    +   g - +0 buckler
rNeg     . . .     Faith    .   a - +0 robe
rPois    .         Spirit   .   (no helmet)
rElec    .         Reflect  .   (no cloak)
rCorr    .         Harm     .   (no gloves)
MR       .....                  d - +0 pair of boots
Stlth    ++........             n - amulet of the gourmand
Regen    0.2/turn               (no ring)
MPRegen  0.2/turn               (no ring)

@: very slightly contaminated
A: no striking features
a: Renounce Religion


You were on level 6 of the Dungeon.
You worshipped Vehumet.
Vehumet was noncommittal.
You were very full.

You visited 1 branch of the dungeon, and saw 6 of its levels.

You collected 235 gold pieces.

Inventory:

Hand Weapons
 i - a +1 dagger of venom (weapon)
Armour
 a - a +0 robe (worn)
 d - a +0 pair of boots (worn)
 g - a +0 buckler (worn)
Jewellery
 n - an amulet of the gourmand (around neck)
Scrolls
 e - 2 scrolls of enchant weapon {unknown}
 f - a scroll of noise {unknown}
 h - 2 scrolls of blinking {unknown}
 l - 6 scrolls of identify {unknown}
 m - 3 scrolls of teleportation {unknown}
 o - 2 scrolls of remove curse {unknown}
 p - 3 scrolls of enchant armour {unknown}
 q - a scroll of random uselessness {unknown}
 u - a scroll of amnesia {unknown}
 v - a scroll of recharging {unknown}
 y - a scroll of immolation {unknown}
Potions
 k - 2 potions of cancellation {unknown}
 r - 2 potions of heal wounds {unknown}
 s - a potion of flight {unknown}
 w - 2 potions of curing
 x - a potion of agility
 A - a potion of mutation {unknown}
 B - a potion of might {unknown}
 C - a potion of lignification {unknown}
Books
 b - a book of Flames

   Spells                             Type                      Level
   a - Flame Tongue                   Conjuration/Fire             1
   b - Throw Flame                    Conjuration/Fire             2
   c - Conjure Flame                  Conjuration/Fire             3
   d - Inner Flame                    Hexes/Fire                   3
   e - Sticky Flame                   Conjuration/Fire             4
   f - Fireball                       Conjuration/Fire             5
Comestibles
 c - 3 bread rations
 j - 3 meat rations
 t - a royal jelly


   Skills:
 - Level 2.4 Dodging
 - Level 2.4 Stealth
 + Level 2.4 Shields
 + Level 5.6 Spellcasting
 * Level 5.5 Conjurations
 * Level 6.5 Fire Magic


You had 4 spell levels left.
You knew the following spells:

 Your Spells              Type           Power        Failure   Level  Hunger
a - Flame Tongue          Conj/Fire      ####.        1%          1    None
c - Conjure Flame         Conj/Fire      ####....     2%          3    ##.....
d - Sticky Flame          Conj/Fire      ####....     9%          4    ####...
f - Fireball              Conj/Fire      ####......   26%         5    #####..


Dungeon Overview and Level Annotations

Branches:
Dungeon (6/15)
 Temple: D:4-7

Altars:
Ashenzari
Cheibriados
Dithmenos
Trog
Vehumet
Zin

Annotations:
D:6 Duvessa


Message History

Casting: Sticky Flame
Confirm with . or Enter, or press ? or * to list all spells.
Aiming: Sticky Flame
Press: ? - help, Shift-Dir - straight line, f/p - Duvessa
Aim: Duvessa, wielding a rapier and wearing a ring mail (severely wounded, berserk, fast, unusually strong)
You miscast Sticky Flame.
You are very lightly contaminated with residual magic.
You feel uncomfortably hot. Duvessa hits you with a rapier!
Unknown command.
Casting: Sticky Flame
Confirm with . or Enter, or press ? or * to list all spells.
Aiming: Sticky Flame
Press: ? - help, Shift-Dir - straight line, f/p - Duvessa
Aim: Duvessa, wielding a rapier and wearing a ring mail (severely wounded, berserk, fast, unusually strong)
The sticky flame hits Duvessa.
Duvessa is severely wounded.
Duvessa is covered in liquid flames!
Duvessa burns!
Duvessa hits you with a rapier. Duvessa hits you with a rapier!!
Ouch! That really hurt!
You die...

. .. #. ......#.##. .........#.
.......#... ..# .......#... #.#
.......# #.### #.# ..).....
#...### #.# ......## ###...####
#.# ## ......[# ###.e@.# ####.# #.
.....#.##########<####....### #.
...รท........................####.
.....##.#########..###.####......
.....##.).# #......#########.
..##.####)# ###.####...# ###.
..##..###.#####...# ###.#####...
..###e.##...##..### #...#...#. ..#
##.####.#..## #######....###


You could see Duvessa (berserk).

Vanquished Creatures
  2 black bears (D:6)
  An orc warrior (D:6)
  A sky beast (D:6)
  The ghost of mopl the Firebug, an amateur DEFE (D:4)
  Dowan (D:6)
  A scorpion (D:5)
  A howler monkey (D:3)
  A crimson imp (D:4)
  A hound (D:4)
  2 orc wizards
  An orc priest (D:6)
  A worker ant (D:4)
  3 adders
  A shadow imp (D:5)
  An ooze (D:1)
  2 adder skeletons
  2 worms
  2 dart slugs
  A leopard gecko (D:2)
  12 orcs
  2 bats (D:1)
  3 giant cockroaches
  6 goblins
  3 hobgoblins
  4 jackals (D:2)
  3 kobolds
  2 quokkas
  5 ball pythons
  3 frilled lizards
  4 rats
73 creatures vanquished.

Notes
Turn   | Place    | Note
-------+----------+-------------------------------------------
     0 | D:1      | mopl the Deep Elf Fire Elementalist began the quest for the Orb.
     0 | D:1      | Reached XP level 1. HP: 10/10 MP: 6/6
   359 | D:1      | Reached XP level 2. HP: 15/15 MP: 2/8
  1022 | D:2      | Reached XP level 3. HP: 10/19 MP: 1/10
  1027 | D:2      | Learned a level 3 spell: Conjure Flame
  1531 | D:2      | Reached skill level 2 in Conjurations
  1773 | D:3      | Reached skill level 1 in Shields
  1773 | D:3      | Reached skill level 4 in Spellcasting
  1773 | D:3      | Reached skill level 4 in Fire Magic
  1773 | D:3      | Reached XP level 4. HP: 24/24 MP: 9/12
  1805 | D:3      | Learned a level 4 spell: Sticky Flame
  2521 | D:4      | Noticed mopl's ghost (amateur DEFE)
  2537 | D:4      | Killed mopl's ghost
  2537 | D:4      | Reached skill level 3 in Conjurations
  2537 | D:4      | Reached XP level 5. HP: 28/28 MP: 4/13
  2659 | D:4      | Found a shadowy altar of Dithmenos.
  3312 | D:5      | Entered Level 5 of the Dungeon
  3312 | D:5      | Found a bloodstained altar of Trog.
  3312 | D:5      | Found a snail-covered altar of Cheibriados.
  3312 | D:5      | Found a radiant altar of Vehumet.
  3347 | D:4      | Reached skill level 5 in Fire Magic
  3512 | D:5      | Reached XP level 6. HP: 28/32 MP: 11/14
  3524 | D:5      | Found a glowing silver altar of Zin.
  3531 | D:5      | Became a worshipper of Vehumet
  3538 | D:5      | Learned a level 5 spell: Fireball
  3691 | D:5      | Reached skill level 4 in Conjurations
  4121 | D:5      | Reached skill level 5 in Spellcasting
  4174 | D:5      | Found a shattered altar of Ashenzari.
  4330 | D:6      | Noticed an orc warrior
  4610 | D:6      | Killed an orc warrior
  4610 | D:6      | Reached skill level 2 in Shields
  4621 | D:6      | Reached XP level 7. HP: 36/36 MP: 5/16
  4645 | D:6      | Found a bloodstained altar of Trog.
  4660 | D:6      | Reached skill level 6 in Fire Magic
  4855 | D:6      | Reached skill level 5 in Conjurations
  4909 | D:6      | Noticed Dowan
  5062 | D:6      | Killed Dowan
  5158 | D:6      | Noticed Duvessa
  5167 | D:6      | Slain by Duvessa

Skill      XL: |  1  2  3  4  5  6  7 |
---------------+----------------------+-----
Conjurations   | 2 3 4 5 |  5.5
Shields        | 1 2 |  2.4
Spellcasting   | 4 5 |  5.6
Fire Magic     | 4 5 6 |  6.5
Dodging        | |  2.4
Stealth        | |  2.4

Action                   |  1- 3 |  4- 6 |  7- 9 || total
-------------------------+-------+-------+-------++-------
Melee: Dagger            |    36 |    87 |    10 ||   133
 Cast: Flame Tongue      |    38 |    39 |    11 ||    88
       Conjure Flame     |       |     2 |     2 ||     4
       Sticky Flame      |       |     4 |     6 ||    10
  Use: Potion            |     2 |       |       ||     2
 Stab: Sleeping          |     1 |     2 |       ||     3
       Distracted        |     1 |       |       ||     1
  Eat: Chunk             |     4 |    18 |     1 ||    23
Armor: Robe              |    12 |     7 |     3 ||    22
Dodge: Dodged            |    34 |    41 |    14 ||    89
Block: Buckler           |    13 |    22 |     9 ||    44
